 Dungeon Crawl Stone Soup version 0.22-a0 (webtiles) character file.

44 KarmaPolice the Vandal (level 3, -2/25 HPs)
             Began as a Halfling Hunter on Jan 1, 2018.
             Slain by a kobold
             ... wielding a +0 short sword
              (4 damage)
             ... on level 2 of the Dungeon.
             The game lasted 00:02:49 (1623 turns).

KarmaPolice the Vandal (Halfling Hunter)            Turns: 1623, Time: 00:02:50

Health: -2/25      AC:  5    Str: 13    XL:     3   Next: 87%
Magic:  3/3        EV: 14    Int:  9    God:
Gold:   44         SH:  0    Dex: 15    Spells: 2/2 levels left

rFire    . . .     SeeInvis .   b - +0 short sword
rCold    . . .     Gourm    .   (shield restricted)
rNeg     . . .     Faith    .   c - +1 leather armour
rPois    .         Spirit   .   (no helmet)
rElec    .         Reflect  .   (no cloak)
rCorr    .         Harm     .   j - +0 pair of gloves
MR       .....                  (no boots)
Stlth    ++........             (no amulet)
HPRegen  0.08/turn              (no ring)
MPRegen  0.08/turn              (no ring)

@: no status effects
A: small, mutation resistance 1
a: no special abilities


You were on level 2 of the Dungeon.
You were not hungry.

You visited 1 branch of the dungeon, and saw 2 of its levels.

You collected 44 gold pieces.

Inventory:

Hand Weapons
 a - a +1 hunting sling
 b - a +0 short sword (weapon)
Missiles
 d - 20 sling bullets
 i - 75 stones (quivered)
Armour
 c - a +1 leather armour (worn)
 j - a +0 pair of gloves (worn)
Jewellery
 l - an uncursed ring of poison resistance {unknown}
Scrolls
 e - 4 scrolls of identify
 k - a scroll of enchant armour
 o - a scroll of fear {unknown}
 p - a scroll of teleportation {unknown}
Potions
 g - a potion of haste
Comestibles
 f - 3 rations


   Skills:
 + Level 2.4 Fighting
 + Level 2.0 Short Blades
 + Level 6.4 Slings
 - Level 2.1 Dodging
 - Level 1.1 Stealth


You had 2 spell levels left.
You didn't know any spells.

Dungeon Overview and Level Annotations

Branches:
Dungeon (2/15)

Altars:

Annotations:
D:2 Robin


Innate Abilities, Weirdness & Mutations

You are small and have problems with some larger weapons.
You are somewhat resistant to further mutation.


Message History

The goblin hits you with a club.
* * * LOW HITPOINT WARNING * * *
The kobold misses you.
As you read the scroll labeled GUTUOR ZUAR, it crumbles to dust.
It is a scroll of enchant armour.
Your +0 leather armour glows green for a moment.
The goblin hits you but does no damage. The kobold hits you but does no damage.
As you read the scroll labeled SASTRE BIVYRPHO, it crumbles to dust.
You hear a loud clanging noise!
It was a scroll of noise.
You hear a shout! x7; You hear an angry hiss.
The goblin closely misses you. The kobold closely misses you.
As you read the scroll labeled YRORGH FE SEPN, it crumbles to dust.
You feel blessed for a moment.
It was a scroll of remove curse.
The goblin closely misses you. The kobold misses you.
As you read the scroll labeled VIUFOK HIOGUGO, it crumbles to dust.
The creatures around you are filled with an inner flame!
It was a scroll of immolation.
The goblin barely misses you. The kobold hits you with a short sword.
You die...

#.......#### #.###......# .
#...##.# #.#...##.# .
#.#...##.# ..## ......##.#
..... #.#.#.##.#
.......####........#
...(..gK@.#.###.####
#.##.###g#.###.####.#
#......#w#..........# #.
### .##.....?#g#.##########
.. ..# .##......'.........#
..##.##.##......#.#######.#
.........#......#.####
..............g......#
.........####'###.##.#


You could see a worm (inner flame), 3 goblins and a kobold (inner flame).

Vanquished Creatures
  A dart slug (D:2)
  2 leopard geckos (D:1)
  2 ball pythons (D:1)
  2 giant cockroaches (D:1)
  6 goblins
  6 hobgoblins (D:1)
  A quokka (D:2)
  A frilled lizard (D:1)
  9 kobolds
  7 rats
37 creatures vanquished.

Notes
Turn   | Place    | Note
-------+----------+-------------------------------------------
     0 | D:1      | KarmaPolice the Halfling Hunter began the quest for the Orb.
     0 | D:1      | Reached XP level 1. HP: 14/14 MP: 1/1
    92 | D:1      | Reached skill level 6 in Slings
    92 | D:1      | Reached XP level 2. HP: 11/19 MP: 2/2
   253 | D:1      | Reached skill level 1 in Short Blades
   651 | D:1      | Reached XP level 3. HP: 13/24 MP: 3/3
  1570 | D:2      | Noticed Robin
  1623 | D:2      | Slain by a kobold

Vault maps used:
D:1:      lemuel_arrival_hallway, minmay_tromino_v4_b
D:2:      uniq_robin

Skill      XL: |  1  2  3 |
---------------+----------+-----
Fighting       | 2 |  2.4
Slings         | 6 |  6.4
Short Blades   | 1 2 |  2.0
Dodging        | |  2.1
Stealth        | |  1.1

Action                   || total
-------------------------++-------
Melee: Short sword       ||   159
  Use: Scroll            ||     5
 Stab: Sleeping          ||     3
  Eat: Chunk             ||     2
Armor: Leather armour    ||    32
Dodge: Dodged            ||   121

Table legend:
 A = Spawn XP
 B = Non-spawn XP
 C = Spawn XP percentage of total XP
 D = Spawn monster count
 E = Non-spawn monster count
 F = Spawn count percentage of total count
 G = Total turns spent on level
                    A         B        C        D         E        F      G
               +---------+---------+-------+---------+---------+-------+---------
         Total |       0 |      64 |   0.0 |       0 |      37 |   0.0 |  1623
               +---------+---------+-------+---------+---------+-------+---------
           D:1 |       0 |      54 |   0.0 |       0 |      32 |   0.0 |  1380
           D:2 |       0 |      10 |   0.0 |       0 |       5 |   0.0 |   243
               +---------+---------+-------+---------+---------+-------+---------
